AoeStats
← 烏雲中

Arabia

508447668Analyzed
4v4 RM · 11d ago on Sep 22, 2026· 33m 49s· 8 players
Game mode
Random Map
Map size
Large (8 player)
Population
200
Speed
Normal
Resources
Standard
Victory
Conquest
Starting age
Dark Age
Ending age
Imperial Age
RankedLock teamsTeams togetherTeam positionsShared explorationLock speedFull tech treeHidden civsTurbo modeCheats
Victory
Defeat
🇹🇼 Tupi · Taiwan
1569
+9
🇹🇼 Koreans · Taiwan
1502
+11
🇹🇼 Muisca · Taiwan
1491
+12
🇹🇼 Franks · Taiwan
1326
+18
🇺🇸 Burgundians · United States
1439
-14
🇹🇼 Wei · Taiwan
1414
-13
🇹🇼 Ethiopians · Taiwan
1413
-13
🇻🇳 Britons · Vietnam
1320
-10
pinder
6:10 Loom
10:21 Feudal Age
11:10 Double-Bit Axe
15:03 Town Watch
16:55 Fletching
Cuong Boss
6:56 Loom
9:27 Feudal Age
9:56 Man-at-Arms
13:59 Double-Bit Axe
14:36 Fletching
16:00 Horse Collar
19:45 Padded Archer Armor
22:21 Castle Age
21:06 Gold Mining
22:28 Crossbowman
23:37 Bodkin Arrow
23:51 Heavy Plow
24:18 Bow Saw
27:27 Ballistics
28:52 Wheelbarrow
29:04 Gold Shaft Mining
30:57 Town Watch
32:24 Hand Cart
AlDebaran
3:51 Double-Bit Axe
6:53 Loom
9:08 Feudal Age
12:10 Bow Saw
13:18 Horse Collar
17:45 Scale Barding Armor
18:44 Forging
20:14 Wheelbarrow
23:41 Castle Age
23:05 Gold Mining
23:19 Heavy Plow
24:46 Gold Shaft Mining
24:50 Chain Barding Armor
24:34 Husbandry
23:55 Cavalier
25:44 Iron Casting
EGO
6:36 Loom
9:26 Feudal Age
10:04 Double-Bit Axe
13:51 Scale Barding Armor
14:49 Horse Collar
19:09 Bloodlines
22:21 Forging
26:15 Castle Age
25:07 Gold Mining
高德納
7:25 Loom
10:11 Feudal Age
18:39 Fletching
22:13 Double-Bit Axe
23:34 Horse Collar
31:43 Castle Age
30:19 Gold Mining
30:56 Stone Mining
32:03 Crossbowman
好警察
7:20 Loom
9:46 Feudal Age
9:47 Champi Runner
10:14 Double-Bit Axe
11:25 Scale Mail Armor
11:39 Arson
18:49 Horse Collar
18:59 Gold Mining
22:22 Castle Age
22:26 Forging
22:23 Champi Warrior
23:26 Chain Mail Armor
23:16 Squires
烏雲中
3:27 Loom
6:36 Loom
9:31 Feudal Age
11:04 Double-Bit Axe
16:07 Scale Barding Armor
18:08 Forging
20:43 Wheelbarrow
24:22 Castle Age
25:19 Husbandry
28:50 Bow Saw
29:08 Chain Barding Armor
33:54 Iron Casting
easy5888
7:17 Loom
9:49 Feudal Age
10:41 Double-Bit Axe
15:01 Fletching
22:04 Horse Collar
25:43 Castle Age
25:50 Crossbowman
26:27 Bodkin Arrow
26:32 Padded Archer Armor
26:55 Bow Saw
29:00 Ballistics
29:08 Leather Archer Armor
28:57 Gold Mining
29:22 Thumb Ring
29:58 Wheelbarrow
32:05 Hand Cart
31:35 Town Watch
Connection lost

Rejoining the realm…

Still unreachable

The connection could not be restored.

Session expired

The server has moved on; the page needs a fresh start.